 Dungeon Sprint DCSS version 0.30.1-9-gdf580d7c3d (webtiles) character file.

Game seed: 10621113196704596087

1710 Heoruswealwe the Impaler (level 8, -11/83 HPs)
             Began as a Minotaur Fighter on Sept 25, 2023.
             Was an Initiate of Gozag.
             Killed from afar by an efreet (34 damage)
             ... with a bolt of fire
             ... in the Dungeon (Sprint IX: "|||||||||||||||||||||||||||||") on Sept 26, 2023.
             The game lasted 00:03:45 (388 turns).

Heoruswealwe the Impaler (Minotaur Fighter)          Turns: 388, Time: 00:03:47

Health: -11/83     AC: 20    Str: 25    XL:     8   Next: 74%
Magic:  7/7        EV:  7    Int:  5    God:    Gozag
Gold:   630        SH:  0    Dex: 11    Spells: 7/7 levels left

rFire   . . .        b - +2 halberd (venom)
rCold   . . .        (shield currently unavailable)
rNeg    . . .        c - +0 plate armour
rPois   .            (helmet restricted)
rElec   .            (no cloak)
rCorr   .            f - +0 pair of gloves
SInv    .            e - +0 pair of boots
Will    .....        (no amulet) Stlth
                     k - +2 ring of protection
HPRegen 0.33/turn    j - +3 ring of strength
MPRegen 0.10/turn

%: no teleportation
@: gold aura
A: horns 2, retaliatory headbutt
a: Renounce Religion, Potion Petition, Call Merchant, Bribe Branch


You were in the Dungeon.
You worshipped Gozag.
Gozag was pleased with you.
You visited 1 branch You collected 630 gold pieces.

Inventory:

Hand Weapons
 a - a +0 trident
 b - a +2 halberd of venom (weapon)
Armour
 c - a +0 plate armour (worn)
 d - a +0 buckler
 e - a +0 pair of boots (worn)
 f - a +0 pair of gloves (worn)
Jewellery
 j - a +3 ring of strength (right hand)
 k - a +2 ring of protection (left hand)
Wands
 o - a wand of iceblast (10)
Scrolls
 p - 2 scrolls of blinking
Potions
 g - a potion of haste
 h - a potion of invisibility
 i - a potion of berserk rage
 l - a potion of might
 m - 5 potions of curing
 n - 3 potions of heal wounds


   Skills:
 + Level 12.3 Fighting
 * Level 16.4 Polearms
 + Level 12.3 Armour
 - Level 3.6 Shields


You had 7 spell levels left.
You didn't know any spells.
Your spell library was empty.

Dungeon Overview and Level Annotations

Branches:
Dungeon (1/1)

Altars:
Cheibriados
Dithmenos
Elyvilon
Fedhas
Gozag
Hepliaklqana
Kikubaaqudgha
Makhleb
Nemelex Xobeh
Okawaru
Qazlal
Ru
Sif Muna
Trog
Uskayaw
Vehumet
Wu Jian
Xom
Yredelemnul
Zin
The Shining One
Jiyva
Lugonu


Innate Abilities, Weirdness & Mutations

You have a pair of horns on your head.
You reflexively headbutt those who attack you in melee.


Message History

Your Armour skill increases to level 11!
You have reached level 8!
You feel agile.
You completely miss the brown ugly thing.
The brown ugly thing closely misses you.
You slice the brown ugly thing!!
The brown ugly thing looks as sick as possible!
The brown ugly thing is moderately wounded.
You barely miss the brown ugly thing.
The brown ugly thing is moderately wounded.
The brown ugly thing completely misses you.
You furiously retaliate!
You headbutt the brown ugly thing! You impale the brown ugly thing!!
You kill the brown ugly thing!
The efreet gestures at you. The bolt of fire hits you!!
The wraith is distracted by your dazzling golden aura.
Your Fighting skill increases to level 12!
Your Polearms skill increases to level 16!
Your Armour skill increases to level 12!
The efreet hits you with a +4 scimitar of flaming.
The efreet burns you.
There is an open door, spattered with blood here.
Things that are here:
234 gold pieces; 3 large rocks You puncture the efreet!
The efreet is heavily wounded.
You hit the efreet.
The efreet is poisoned.
The efreet is heavily wounded.
The efreet hits you with a +4 scimitar of flaming!
The efreet burns you.
* * * LOW HITPOINT WARNING * * *
You hit the efreet but do no damage.
You headbutt the efreet, but do no damage.
The efreet is heavily wounded.
The wraith is no longer distracted by gold.
The efreet gestures at you. The bolt of fire hits you!!
You die...
Your body crumbles into a pile of gold. $$$$ $ $ $ $$$$$ $ $ ▓▓▓▓▓▓▓▓▓▓▓▓▓▓▓▓▓▓▓▓▓▓▓▓ !?)[.....'[.)...@R.WCc.+ ▓▓▓▓▓▓▓▓▓▓▓▓▓▓▓▓▓▓▓▓▓▓▓▓

You could see a centaur warrior, a cyclops, an efreet (very poisoned) and a wraith.

Vanquished Creatures
  An ugly thing (D)
  A cyclops (D)
  An unseen horror (D)
  A troll (D)
  An orc warrior (D)
  2 centaurs (D)
  A phantom (D)
  A kobold brigand (D)
  A hound (D)
  An iguana (D)
  2 orcs (D)
  A ball python (D)
  An endoplasm (D)
  A hobgoblin (D)
  A quokka (D)
  A rat (D)
18 creatures vanquished.

Notes
Turn   | Place    | Note
-------+----------+-------------------------------------------
     0 | D        | Heoruswealwe the Minotaur Fighter began the quest for the
                  | Orb.
     0 | D        | Reached XP level 1. HP: 19/19 MP: 0/0
     7 | D        | Reached skill level 3 in Polearms
    24 | D        | Noticed a hound
    24 | D        | Noticed an iguana
    24 | D        | Noticed a phantom
    30 | D        | Reached skill level 4 in Polearms
    30 | D        | Reached XP level 2. HP: 20/28 MP: 1/1
    40 | D        | Reached skill level 5 in Fighting
    40 | D        | Reached skill level 6 in Polearms
    40 | D        | Reached skill level 5 in Armour
    40 | D        | Reached XP level 3. HP: 12/36 MP: 2/2
    48 | D        | Killed a phantom
    49 | D        | Reached skill level 8 in Polearms
    49 | D        | Reached XP level 4. HP: 17/47 MP: 3/3
    49 | D        | Reached XP level 5. HP: 18/52 MP: 4/4
    55 | D        | Found a snail-covered altar of Cheibriados.
    55 | D        | Found a shadowy altar of Dithmenos.
    55 | D        | Found a white marble altar of Elyvilon.
    55 | D        | Found a blossoming altar of Fedhas.
    55 | D        | Found an opulent altar of Gozag.
    56 | D        | Found a hazy altar of Hepliaklqana.
    57 | D        | Found a viscous altar of Jiyva.
    58 | D        | Found an ancient bone altar of Kikubaaqudgha.
    59 | D        | Found a corrupted altar of Lugonu.
    60 | D        | Found a burning altar of Makhleb.
    61 | D        | Found a sparkling altar of Nemelex Xobeh.
    62 | D        | Found an iron altar of Okawaru.
    63 | D        | Became a worshipper of Gozag Ym Sagoz the Greedy
    64 | D        | Found a stormy altar of Qazlal.
    65 | D        | Found a sacrificial altar of Ru.
    66 | D        | Found a shimmering blue altar of Sif Muna.
    67 | D        | Found a bloodstained altar of Trog.
    68 | D        | Found a hide-covered altar of Uskayaw.
    69 | D        | Found a radiant altar of Vehumet.
    70 | D        | Found an ornate altar of the Wu Jian Council.
    71 | D        | Found a shimmering altar of Xom.
    72 | D        | Found a basalt altar of Yredelemnul.
    73 | D        | Found a glowing silver altar of Zin.
    74 | D        | Found a glowing golden altar of the Shining One.
   169 | D        | Noticed a centaur
   169 | D        | Noticed an orc warrior
   169 | D        | Noticed a centaur
   169 | D        | Noticed a troll
   172 | D        | Killed a centaur
   173 | D        | Reached skill level 10 in Polearms
   176 | D        | Killed an orc warrior
   177 | D        | Reached skill level 11 in Polearms
   177 | D        | Reached XP level 6. HP: 59/62 MP: 5/5
   178 | D        | Reached skill level 12 in Polearms
   183 | D        | Killed a troll
   184 | D        | Reached skill level 10 in Fighting
   184 | D        | Reached skill level 13 in Polearms
   184 | D        | Reached skill level 10 in Armour
   184 | D        | Reached XP level 7. HP: 59/72 MP: 6/6
   193 | D        | Killed an unseen horror
   194 | D        | Reached skill level 14 in Polearms
   374 | D        | Noticed a cyclops
   374 | D        | Noticed a brown ugly thing
   374 | D        | Noticed an efreet
   374 | D        | Noticed a wraith
   374 | D        | Noticed a cyclops
   374 | D        | Noticed a centaur warrior
   380 | D        | Killed a cyclops
   381 | D        | Reached skill level 15 in Polearms
   381 | D        | Reached XP level 8. HP: 69/83 MP: 7/7
   384 | D        | Killed a brown ugly thing
   385 | D        | Reached skill level 16 in Polearms
   388 | D        | Killed from afar by an efreet

Illustrated notes

Levels and vault maps discovered:
D:        linesprint [early_d, line_temple, items_1, d_10, items_2, lair_1,
          lair_end, items_3, orc_1, orc_end, items_4, d_15, swamp_1, shoals_1,
          snake_1, spider_1, d_20, vaults_1, items_5, swamp_end, shoals_end,
          snake_end, spider_end, vaults_end, d_27, items_6, zot_1, zot_end,
          crypt_end, forest_end, elf_end, slime_end, tomb_end, abyss_end,
          pan_hell_end]

Skill      XL: |  1  2  3  4  5  6  7  8 |
---------------+-------------------------+-----
Polearms       | 4 6 8 11 13 15 16 | 16.4
Fighting       | 4 5 7 8 10 11 12 | 12.3
Armour         | 4 5 7 8 10 11 12 | 12.3
Shields        | |  3.6

Action                     |  1- 3 |  4- 6 |  7- 9 || total
---------------------------+-------+-------+-------++-------
  Melee: Trident           |    37 |       |       ||    37
         Headbutt          |     2 |     2 |     4 ||     8
         Halberd           |       |    13 |    23 ||    36
   Stab: Distracted        |       |     1 |       ||     1
 Armour: Scale mail        |     9 |       |       ||     9
         Ring mail         |       |    10 |     6 ||    16
  Dodge: Dodged            |    11 |     9 |     5 ||    25
  Block: Buckler           |     6 |       |       ||     6
